 Dungeon Crawl Stone Soup version 0.29.1-12-g30fa7ad0bf (webtiles) character file.

Game seed: 2835506952466709441

4038 JanusIIV the Spear-Bearer (level 10, -1/88 HPs)
             Began as a Minotaur Fighter on Dec 29, 2022.
             Was an Elder of Okawaru.
             Slain by a killer bee (3 damage)
             ... on level 9 of the Dungeon.
             The game lasted 00:15:31 (8489 turns).

JanusIIV the Spear-Bearer (Minotaur Fighter)        Turns: 8489, Time: 00:15:32

Health: -1/88      AC: 11    Str: 25    XL:     10   Next: 4%
Magic:  9/9        EV: 13    Int:  5    God:    Okawaru [****..]
Gold:   340        SH:  5    Dex: 10    Spells: 9/9 levels left

rFire   . . .      SeeInvis .   a - +0 trident
rCold   . . .      Faith    .   c - +0 buckler
rNeg    . . .      Spirit   .   b - +0 scale mail
rPois   .          Reflect  .   (helmet restricted)
rElec   .          Harm     .   (no cloak)
rCorr   .          Rampage  .   J - +0 pair of gloves
Will    .....                   d - +1 pair of boots
Stlth   ..........              f - amulet of the acrobat
HPRegen 0.24/turn               n - +4 ring of evasion
MPRegen 0.11/turn               (no ring)

@: brilliant
A: horns 2, retaliatory headbutt
a: Renounce Religion, Heroism, Finesse


You were on level 9 of the Dungeon.
You worshipped Okawaru.
Okawaru was greatly pleased with you.
You visited 2 branches of the dungeon, and saw 10 of its levels.

You collected 452 gold pieces.
You spent 112 gold pieces at shops.

Inventory:

Hand Weapons
 a - a +0 trident (weapon)
Armour
 b - a +0 scale mail (worn)
 c - a +0 buckler (worn)
 d - a +1 pair of boots (worn)
 C - a +0 chain mail
 J - a +0 pair of gloves (worn)
Jewellery
 f - an amulet of the acrobat (around neck)
 m - a ring of magical power
 n - a +4 ring of evasion (left hand)
 s - a ring of flight
Wands
 v - a wand of iceblast (11)
 x - a wand of flame (1)
 y - a wand of mindburst (22)
 F - a wand of quicksilver (17)
Scrolls
 h - 8 scrolls of identify
 i - 3 scrolls of torment {unknown}
 j - 2 scrolls of fear {unknown}
 k - 2 scrolls of vulnerability {unknown}
 l - a scroll of silence {unknown}
 o - 8 scrolls of teleportation {unknown}
 p - 3 scrolls of butterflies {unknown}
 q - a scroll of enchant weapon {unknown}
 u - a scroll of blinking {unknown}
 B - a scroll of amnesia {unknown}
 D - a scroll of magic mapping {unknown}
 H - a scroll of immolation {unknown}
 I - a scroll of noise {unknown}
Potions
 g - 3 potions of lignification
 r - a potion of mutation {unknown}
 t - a potion of cancellation
 w - a potion of brilliance
 z - a potion of flight {unknown}
 A - 2 potions of ambrosia {unknown}
 E - 2 potions of attraction {unknown}
 G - 3 potions of berserk rage {unknown}


   Skills:
 - Level 8.0 Fighting
 + Level 12.4 Polearms
 - Level 8.0 Armour
 - Level 8.0 Shields


You had 9 spell levels left.
You didn't know any spells.
Your spell library contained the following spells:

 Spells                   Type           Power      Damage    Failure   Level
 Beastly Appendage        Tmut           0%         N/A       80%         1
 Shock                    Conj/Air       0%         1d3       80%         1
 Blink                    Tloc           0%         N/A       91%         2
 Sublimation of Blood     Necr           0%         N/A       91%         2
 Wereblood                Tmut           0%         N/A       91%         2
 Lesser Beckoning         Tloc           0%         N/A       99%         3
 Spider Form              Tmut/Pois      0%         N/A       99%         3
 Swiftness                Air            0%         N/A       99%         3
 Airstrike                Air            0%         2d(0-16)  100%        4
 Petrify                  Tmut/Erth      0%         N/A       100%        4
 Irradiate                Conj/Tmut      0%         3d11      100%        5
 Manifold Assault         Tloc           0%         N/A       100%        5


Dungeon Overview and Level Annotations

Branches:
Dungeon (9/15)             Temple (1/1) D:4
   Lair: D:8-11         Orc: D:9-12

Altars:
Ashenzari
Elyvilon
Gozag
Hepliaklqana
Kikubaaqudgha
Makhleb
Nemelex Xobeh
Okawaru
Qazlal
Ru
Trog
Vehumet
Wu Jian
Xom
Yredelemnul
Zin
The Shining One
Lugonu

Shops:
D:4 ***   D:9 ?

Annotations:
D:6 3 runed translucent doors, cheesebisquit's ghost, novice MiBe
D:8 Psyche


Innate Abilities, Weirdness & Mutations

You have a pair of horns on your head.
You reflexively headbutt those who attack you in melee.


Message History

The killer bee is severely wounded.
The killer bee stings you but does no damage. x4
Something hits you but does no damage.
The killer bee stings you but does no damage. x2
You closely miss the killer bee.
The killer bee is severely wounded.
The killer bee stings you but does no damage.
You block the killer bee's attack.
The killer bee stings you but does no damage.
You closely miss the killer bee.
The killer bee is severely wounded.
The killer bee stings you but does no damage. x2
The killer bee stings you.
* * * LOW HITPOINT WARNING * * *
Something hits you but does no damage.
It was a potion of cancellation.
Your magical effects are unravelling.
You feel magically purged.
You feel less wooden.
Your +0 pair of gloves unmelds from your body.
Your +1 pair of boots unmelds from your body.
Your +0 scale mail unmelds from your body.
The killer bee stings you but does no damage.
The killer bee closely misses you. You furiously retaliate!
You headbutt the killer bee, but do no damage.
You block the killer bee's attack.
The killer bee stings you but does no damage.
The killer bee misses you. You block the killer bee's attack.
Something hits you but does no damage.
It was a potion of brilliance.
You feel clever all of a sudden. You block the killer bee's attack.
The killer bee barely misses you.
The killer bee stings you but does no damage.
The killer bee barely misses you. You furiously retaliate!
You headbutt the killer bee.
A killer bee comes into view.
The killer bee stings you.
* * * LOW HITPOINT WARNING * * *
The killer bee stings you.
You die...

###. .......
$..y...
###+#.......
#yy∩'....?..
#@#+#.......
#{yo........
##o....?....
##.<..?....
##########


You could see 4 killer bees and 2 orcs.

Vanquished Creatures
  Maggie (D:8)
  A troll (D:8)
  Sigmund (D:4)
  A shadow (D:6)
  A steam dragon (D:8)
  A water moccasin (D:5)
  3 orc warriors
  An ice beast (D:7)
  A black bear (D:6)
  An ogre (D:6)
  A phantom (D:7)
  A bullfrog (D:8)
  4 scorpions
  2 necrophages
  17 wights
  3 killer bees (D:9)
  A howler monkey (D:8)
  A crimson imp (D:4)
  4 orc priests
  A gnoll bouda (D:4)
  2 hounds (D:5)
  2 jellies
  Ijyb (D:5)
  Jessica (D:2)
  2 iguanas
  7 orc wizards
  Robin (D:2)
  11 adders
  12 gnolls
  4 dart slugs
  23 orcs
  5 bats (D:1)
  5 endoplasms
  3 giant cockroaches
  8 goblins
  9 hobgoblins
  2 jackals (D:2)
  7 kobolds
  6 quokkas
  3 ball pythons
  4 frilled lizards
  5 rats
170 creatures vanquished.

Notes
Turn   | Place    | Note
-------+----------+-------------------------------------------
     0 | D:1      | JanusIIV the Minotaur Fighter began the quest for the Orb.
     0 | D:1      | Reached XP level 1. HP: 19/19 MP: 0/0
    35 | D:1      | Reached skill level 3 in Polearms
   100 | D:1      | Reached XP level 2. HP: 26/26 MP: 1/1
   205 | D:1      | Reached skill level 4 in Polearms
   392 | D:1      | Reached XP level 3. HP: 31/31 MP: 2/2
   906 | D:2      | Reached skill level 5 in Polearms
  1067 | D:2      | Noticed Robin
  1076 | D:2      | Killed Robin
  1077 | D:2      | Reached XP level 4. HP: 31/39 MP: 3/3
  1155 | D:2      | Noticed Jessica
  1162 | D:2      | Killed Jessica
  1398 | D:2      | Reached skill level 6 in Polearms
  1597 | D:3      | Reached XP level 5. HP: 45/45 MP: 4/4
  1597 | D:3      | Found a glowing golden altar of the Shining One.
  1794 | D:3      | Found a broken altar of Ashenzari.
  2213 | D:4      | Reached skill level 7 in Polearms
  2234 | D:4      | Found Urrub's General Store.
  2269 | D:4      | Found Qychycw's Specific Store.
  2311 | D:4      | Bought a potion of curing for 42 gold pieces
  2311 | D:4      | Bought a potion of heal wounds for 70 gold pieces
  2528 | D:4      | Found a staircase to the Ecumenical Temple.
  2548 | Temple   | Entered the Ecumenical Temple
  2597 | Temple   | Became a worshipper of Warmaster Okawaru
  2769 | D:4      | Found Hygeqam's Gadget Gallery.
  2802 | D:4      | Reached XP level 6. HP: 46/51 MP: 5/5
  2819 | D:4      | Reached skill level 8 in Polearms
  2938 | D:4      | Found a faded altar of an unknown god.
  2939 | D:4      | Found a hazy altar of Hepliaklqana.
  2939 | D:4      | Noticed Sigmund
  2953 | D:4      | Killed Sigmund
  2954 | D:4      | Reached skill level 9 in Polearms
  3086 | D:4      | Found a burning altar of Makhleb.
  3086 | D:4      | Found a radiant altar of Vehumet.
  3092 | D:4      | Reached * piety under Okawaru
  3093 | D:4      | Reached XP level 7. HP: 59/59 MP: 6/6
  3203 | D:5      | Entered Level 5 of the Dungeon
  3220 | D:5      | Reached skill level 5 in Fighting
  3410 | D:5      | Noticed Ijyb
  3427 | D:5      | Killed Ijyb
  4015 | D:5      | Reached XP level 8. HP: 67/74 MP: 7/7
  4872 | D:6      | Identified the +6 dagger of Terror {holy, MP-9 Str+3
                  | Stlth+}
  4973 | D:6      | Reached ** piety under Okawaru
  4974 | D:6      | Reached skill level 5 in Armour
  5705 | D:6      | Found a runed translucent gate.
  5706 | D:6      | Found a runed translucent gate.
  5707 | D:6      | Found a runed translucent gate.
  5709 | D:6      | Noticed cheesebisquit's ghost (novice MiBe)
  6231 | D:7      | Reached skill level 5 in Shields
  6290 | D:7      | Found a stormy altar of Qazlal.
  6603 | D:7      | Reached XP level 9. HP: 81/81 MP: 8/8
  7173 | D:7      | Reached *** piety under Okawaru
  7343 | D:8      | Noticed Maggie
  7369 | D:8      | Killed Maggie
  7556 | D:8      | Noticed a troll
  7566 | D:8      | Killed a troll
  7567 | D:8      | Reached skill level 10 in Polearms
  7763 | D:8      | Reached skill level 11 in Polearms
  7765 | D:8      | Reached **** piety under Okawaru
  8205 | D:8      | Found a sparkling altar of Nemelex Xobeh.
  8206 | D:8      | Noticed Psyche
  8208 | D:8      | Found a sacrificial altar of Ru.
  8288 | D:8      | Found an opulent altar of Gozag.
  8292 | D:8      | Found a shimmering altar of Xom.
  8436 | D:9      | Reached skill level 12 in Polearms
  8452 | D:9      | Found Doul's Magic Scroll Shoppe.
  8457 | D:9      | Reached XP level 10. HP: 35/88 MP: 6/9
  8487 | D:9      | HP: 5/132 [killer bee (6)]
  8489 | D:9      | HP: 2/88 [killer bee (2)]
  8489 | D:9      | Slain by a killer bee

Illustrated notes

Levels and vault maps discovered:
D:1:      scummos_arrival_gate, layout_rooms,
          hangedman_abyss_or_decor_lesser_grid
D:2:      layout_basic, kennysheep_jessica_study, uniq_robin
D:3:      layout_basic, mainiacjoe_overflow_boulevard,
          mainiacjoe_overflow_six_doors_small, hangedman_decor_riveting
D:4:      layout_cave_pools, beargit_hepliaklqana_dungeon_heroes,
          grunt_temple_overflow_lords_of_destruction,
          minmay_temple_entry_mini_moons, nicolae_specific_store,
          nicolae_shop_gadgets
D:5:      layout_layer_cave, uniq_ijyb
D:6:      layout_loops_ring, biasface_ghost_orc_armoury
D:7:      layout_loops_ring, grunt_qazlal_clouds, minivault_26,
          serial_park_tiny_pond
D:8:      layout_gridville, nicolae_overflow_hidden_temple,
          chequers_serial_rivers_large_a, uniq_psyche, uniq_maggie
D:9:      layout_roguey, gammafunk_temple_overflow_forgotten,
          lemuel_crystal_altar, serial_shops, nicolae_shop_behind_doors
Temple:   corrupted_temple

Skill      XL: |  1  2  3  4  5  6  7  8  9 |
---------------+----------------------------+-----
Polearms       | 3 4 5 6 7 9 12 | 12.4
Fighting       | 4 7 8 |  8.0
Armour         | 8 |  8.0
Shields        | 5 8 |  8.0

Action                   |  1- 3 |  4- 6 |  7- 9 | 10-12 || total
-------------------------+-------+-------+-------+-------++-------
Melee: Trident           |   101 |   109 |   391 |    29 ||   630
       Headbutt          |    13 |     9 |    61 |       ||    83
Invok: Heroism           |       |       |     2 |       ||     2
Evoke: Wand              |       |       |     5 |       ||     5
  Use: Potion            |       |     1 |     8 |     3 ||    12
       Scroll            |       |       |       |     1 ||     1
Armor: Scale mail        |    44 |    23 |    70 |     4 ||   141
       Skin              |       |       |       |    74 ||    74
Dodge: Dodged            |    31 |    36 |   119 |    11 ||   197
Block: Buckler           |    10 |    20 |    39 |    29 ||    98
